 Dungeon Crawl Stone Soup version 0.20.1-1-g8b1a95d (webtiles) character file.

14 Folque the Magician (level 2, 0/18 HPs)
             Began as an Octopode Wizard on Nov 22, 2017.
             Slain by a jackal (2 damage)
             ... on level 1 of the Dungeon.
             The game lasted 00:02:29 (476 turns).

Folque the Magician (Octopode Wizard)                Turns: 476, Time: 00:02:30

Health: 0/18       AC:  1    Str:  6    XL:     2   Next: 45%
Magic:  1/6        EV: 13    Int: 20    God:
Gold:   44         SH:  0    Dex: 10    Spells: 2/7 levels left

rFire    . . .     SeeInvis .   h - +0 short sword
rCold    . . .     Gourm    .   (no shield)
rNeg     . . .     Faith    .   a - +0 hat
rPois    .         Spirit   .   (no amulet)
rElec    .         Reflect  .   (no ring)
rCorr    .         Harm     .   (no ring)
MR       .....                  (no ring)
Stlth    +++.......             (no ring)
Regen    0.1/turn               (no ring)
MPRegen  0.1/turn               (no ring)
                                (no ring)
                                (no ring)

@: very slightly contaminated
A: almost no armour, stealthy swim, amphibious, 8 rings, constrict 8, camouflage
1, gelatinous body 1
a: no special abilities


You were on level 1 of the Dungeon.
You were not hungry.

You visited 1 branch of the dungeon, and saw 1 of its levels.

You collected 44 gold pieces.

Inventory:

Hand Weapons
 h - a +0 short sword (weapon)
 j - a cursed -1 whip
Armour
 a - a +0 hat (worn)
Scrolls
 e - a scroll of remove curse {unknown}
 k - a scroll of identify {unknown}
 l - a scroll of magic mapping {unknown}
Potions
 i - a potion of lignification {unknown}
Books
 b - a book of Minor Magic

   Spells                             Type                      Level
   a - Magic Dart                     Conjuration                  1
   b - Blink                          Translocation                2
   c - Call Imp                       Summoning                    2
   d - Slow                           Hexes                        2
   e - Conjure Flame                  Conjuration/Fire             3
   f - Mephitic Cloud                 Conjuration/Poison/Air       3
Comestibles
 c - 2 bread rations
 d - 2 royal jellies
 f - 4 chunks of flesh
 g - 2 meat rations


   Skills:
 * Level 1.3 Fighting
 - Level 2.0 Dodging
 - Level 2.6 Stealth
 + Level 3.3 Spellcasting
 - Level 1.0 Conjurations
 - Level 1.0 Summonings
 - Level 1.0 Translocations


You had 2 spell levels left.
You knew the following spells:

 Your Spells              Type           Power        Failure   Level  Hunger
a - Magic Dart            Conj           #...         9%          1    None
b - Call Imp              Summ           #.......     14%         2    ##.....
c - Blink                 Tloc           N/A          14%         2    ##.....


Dungeon Overview and Level Annotations

Branches:
Dungeon (1/15)

Altars:


Innate Abilities, Weirdness & Mutations

You cannot wear most types of armour.
You are very stealthy in the water. (Stealth+)
You are amphibious.
You can wear up to eight rings at the same time.
You can use your tentacles to constrict eight enemies at once.
Your skin changes colour to match your surroundings (Stealth+).
Your rubbery body absorbs attacks. (AC +1, EV +1)


Message History

The jackal barks!
The giant cockroach barely misses you. The goblin hits you.
* * * LOW HITPOINT WARNING * * *
The giant cockroach bites you.
* * * LOW HITPOINT WARNING * * *
Your shadow imp hits the goblin.
The goblin dies!
Your shadow imp closely misses the jackal.
The giant cockroach waves its antennae.
The giant cockroach closely misses you.
The jackal closely misses your shadow imp.
There is an open door here.
The jackal bites your shadow imp but does no damage.
Your shadow imp hits the jackal.
The jackal bites you.
* * * LOW HITPOINT WARNING * * *
The jackal closely misses your shadow imp.
Your shadow imp barely misses the jackal.
Your shadow imp barely misses the jackal.
The jackal bites you.
You die...

#
#.'...........##........##
#
#.#...5h#####.##....h.....
. #.#...h.# #.##..........
# #.#.....# #.##......h...
. #.#.....# #.##..........
#.
#.###+#'#####.########....
#.###...s.....# .!..
#........h##### ..lr
######...@# .r.. #....#
.... #....# .... ##'#.#
..l. #.#.# #.#.# #.#.#
#.#.# #.#.#


You could see 2 jackals, a giant cockroach and a friendly shadow imp.

Vanquished Creatures
  A leopard gecko (D:1)
  A hobgoblin (D:1)
  A jackal (D:1)
  4 kobolds (D:1)
  2 bats (D:1)
  3 frilled lizards (D:1)
  2 rats (D:1)
14 creatures vanquished.

Vanquished Creatures (collateral kills)
  A goblin (D:1)
1 creature vanquished.

Grand Total: 15 creatures vanquished

Notes
Turn   | Place    | Note
-------+----------+-------------------------------------------
     0 | D:1      | Folque the Octopode Wizard began the quest for the Orb.
     0 | D:1      | Reached XP level 1. HP: 11/11 MP: 4/4
   204 | D:1      | Reached skill level 1 in Fighting
   227 | D:1      | Reached XP level 2. HP: 11/18 MP: 6/6
   384 | D:1      | Learned a level 2 spell: Call Imp
   387 | D:1      | Learned a level 2 spell: Blink
   476 | D:1      | Slain by a jackal

Skill      XL: |  1 |
---------------+----+-----
Fighting       | 1 |  1.3
Dodging        | |  2.0
Stealth        | |  2.6
Spellcasting   | |  3.3
Conjurations   | |  1.0
Summonings     | |  1.0
Translocations | |  1.0

Action                   || total
-------------------------++-------
Melee: Unarmed           ||    16
       Constrict         ||     7
       Tentacles         ||     3
       Short sword       ||    22
 Cast: Magic Dart        ||     5
       Call Imp          ||     1
 Stab: Sleeping          ||     3
Armor: Skin              ||     5
Dodge: Dodged            ||    25
